Map: Ley Lines

Players

LiquidMaNa (MaNa)

  • Race: Protoss Protoss
  • League: Grandmaster
  • Spawn Location: 7:00

SKillous - Winner!

  • Race: Protoss Protoss
  • League: Master
  • Spawn Location: 1:00

Event: FEL Cracov 2025

VOD

Have the link to the VOD?

Description

Time

  • Played on: July 27, 2025, 1:11 p.m.
  • Length: 6:32

All games in this series

Show
View Real Time Build Order
Export as new Build Order

LiquidMaNa Protoss 

Build Orders:  

Get SALT Encoding   

  12  0:00  Probe  
  13  0:12  Probe  
  14  0:18  Pylon  
  14  0:24  Probe  
  15  0:32  Probe  
  15  0:36  Gateway  
  15  0:40  Probe  
  16  0:45  Assimilator  
  17  0:50  Probe  
  18  0:59  Probe  
  19  1:04  Assimilator  
  19  1:05  Pylon  
  19  1:07  Probe  
  20  1:17  Probe  
  20  1:22  Cybernetics Core  
  21  1:29  Probe  
  21  1:30  Zealot  
  24  1:41  Probe  
  25  1:53  Probe  
  26  1:59  Warp Gate, Sentry  
  28  2:10  Nexus  
  28  2:19  Pylon  
  28  2:22  Sentry  
  30  2:29  Probe  
  31  2:36  Robotics Facility  
  31  2:42  Shield Battery  
  31  2:46  Adept  
  33  3:02  Gateway  
  33  3:06  Shield Battery  
  33  3:11  Probe  
  34  3:16  Shield Battery  
  34  3:17  Sentry  
  34  3:18  Immortal  
  40  3:37  Probe  
  40  3:38  Probe  
  38  3:48  Sentry  
  38  3:50  Probe  
  40  3:58  Immortal  
  43  4:17  Sentry  
  43  4:18  Shield Battery  
  45  4:29  Warp Prism  
  47  4:41  Stalker  
  47  4:48  Adept  
  47  4:52  Probe  
  38  5:09  Adept x2  
  38  5:12  Shield Battery  
  42  5:19  Immortal  
  40  5:33  Sentry  
  46  5:38  Sentry  
  35  6:12  Probe  
  35  6:13  Probe  
  35  6:15  Sentry  
  38  6:29  Pylon  
Show
View Real Time Build Order
Export as new Build Order

SKillous Protoss - Winner!

Build Orders: Mass Adepts 

Get SALT Encoding   

  12  0:00  Probe  
  13  0:12  Probe  
  14  0:17  Pylon  
  14  0:24  Probe  
  15  0:32  Probe  
  15  0:36  Gateway  
  15  0:40  Probe  
  16  0:46  Assimilator  
  17  0:51  Probe  
  17  0:54  Assimilator  
  18  0:59  Probe  
  19  1:06  Gateway  
  19  1:07  Probe  
  20  1:17  Probe  
  20  1:24  Cybernetics Core  
  21  1:29  Probe  
  22  1:34  Pylon  
  22  1:41  Probe  
  24  2:01  Robotics Facility  
  24  2:02  Adept  
  24  2:03  Adept  
  24  2:04  Warp Gate  
  27  2:11  Pylon  
  26  2:32  Adept  
  26  2:33  Adept  
  30  2:37  Warp Prism  
  32  2:52  Gateway  
  32  2:56  Pylon  
  32  3:02  Sentry x2  
  36  3:08  Immortal  
  40  3:28  Pylon  
  40  3:47  Immortal  
  44  3:59  Adept x3  
  48  4:18  Immortal  
  52  4:36  Adept  
  54  4:39  Pylon  
  50  4:52  Adept x2  
  46  4:59  Adept  
  46  5:03  Immortal  
  44  5:26  Stalker x2  
  44  5:27  Adept  
  48  5:50  Adept x3  
  52  6:24  Adept x3  
Tags
 
Add a new tag
Caveats
  • Supply blocks, unpowered buildings, or Contaminate may cause inaccurate times.
  • Supply counts are checked every 10 seconds.